 Dungeon Crawl Stone Soup version 0.30.0 (webtiles) character file.

Game seed: 6059287241088954368

1480 Adrian566 the Covert (level 8, -6/54 HPs)
             Began as an Octopode Brigand on May 7, 2023.
             Was an Initiate of Dithmenos.
             Mangled by a troll (11 damage)
             ... on level 6 of the Dungeon.
             The game lasted 00:05:09 (5381 turns).

Adrian566 the Covert (Octopode Brigand)             Turns: 5381, Time: 00:05:10

Health: -6/54      AC:  1    Str: 11    XL:     8   Next: 79%
Magic:  8/8        EV: 13    Int: 13    God:    Dithmenos [......]
Gold:   441        SH:  7    Dex: 15    Spells: 7/7 levels left

rFire   + . .        j - +0 rapier
rCold   . . .        a - +3 warlock's mirror {omnireflect}
rNeg    + . .        (helmet restricted)
rPois   .            (no amulet)
rElec   .            e - ring of protection from fire
rCorr   .            i - ring of positive energy
SInv    .            w - ring of willpower
Will    +....        (no ring)
Stlth   ++++++       (no ring)
HPRegen 0.29/turn    (no ring)
MPRegen 0.11/turn    (no ring)
                     (no ring)

%: reflection
@: no status effects
A: almost no armour, amphibious, 8 rings, camouflage 1, gelatinous body 1,
(nimble swimmer 1), tentacles
a: Renounce Religion


You were on level 6 of the Dungeon.
You worshipped Dithmenos.
Dithmenos was noncommittal.
You visited 2 branches of the dungeon, and saw 7 of its levels.

You collected 441 gold pieces.

Inventory:

Hand Weapons
 j - a +0 rapier (weapon)
Missiles
 b - 9 poisoned darts (quivered)
 c - 8 curare-tipped darts
 f - 5 atropa-tipped darts
 n - 4 datura-tipped darts
Armour
 a - the +3 warlock's mirror (worn) {omnireflect}
   (You acquired it on level 2 of the Dungeon)

   Omnireflect: It can block and reflect piercing ranged attacks and magical
   attacks against the wielder's willpower.
Jewellery
 e - a ring of protection from fire (left tentacle)
 i - a ring of positive energy (right tentacle)
 w - a ring of willpower (on tentacle)
Wands
 o - a wand of polymorph (8)
Scrolls
 g - 3 scrolls of amnesia
 h - 3 scrolls of identify
 k - a scroll of teleportation
 l - a scroll of fear
 q - 2 scrolls of immolation
 s - 2 scrolls of magic mapping
 x - a scroll of brand weapon {unknown}
Potions
 d - 3 potions of lignification
 m - 3 potions of degeneration
 p - 3 potions of attraction
 r - a potion of heal wounds
 t - 5 potions of curing
 u - 2 potions of brilliance {unknown}
 v - a potion of ambrosia {unknown}


   Skills:
 + Level 3.8 Fighting
 + Level 5.9 Short Blades
 + Level 2.1 Throwing
 + Level 2.8 Dodging
 * Level 11.8 Stealth
 + Level 2.0 Shields


You had 7 spell levels left.
You didn't know any spells.
Your spell library contained the following spells:

 Spells                   Type           Power      Damage    Failure   Level
 Poisonous Vapours        Pois/Air       0%         N/A       54%         2
 Mephitic Cloud           Conj/Pois/Air  0%         N/A       78%         3
 Freezing Cloud           Conj/Ice/Air   0%         6-21      100%        5


Dungeon Overview and Level Annotations

Branches:
Dungeon (6/15)             Temple (1/1) D:6

Altars:
Ashenzari
Cheibriados
Dithmenos
Elyvilon
Fedhas
Gozag
Hepliaklqana
Kikubaaqudgha
Makhleb
Nemelex Xobeh
Okawaru
Qazlal
Ru
Sif Muna
Trog
Uskayaw
Vehumet
Wu Jian
Xom
Yredelemnul
Zin
The Shining One

Annotations:
D:6 4 runed translucent doors


Innate Abilities, Weirdness & Mutations

You cannot wear most types of armour.
You are amphibious.
You can wear up to eight rings at the same time.
Your skin changes colour to match your surroundings (Stealth+).
Your rubbery body absorbs attacks. (AC +1, EV +1)
((You are camouflaged when in or above water. (Stealth+)))
You have tentacles for arms and can constrict up to eight enemies at once.


Message History

A troll is nearby!
A troll is nearby!
A troll is nearby!
There is an open door here.
You strike the helpless troll from behind!
You impale the troll!!
The troll is heavily wounded.
The troll bites you! The troll closely misses you. x2
You closely miss the troll.
The troll is heavily wounded.
The troll bites you. The troll claws you. The troll barely misses you.
You barely miss the troll.
You tentacle-slap the troll, but do no damage.
The troll is heavily wounded.
You block the troll's attack. x2; The troll claws you!
You are too injured to fight recklessly!
You are too injured to fight recklessly!
You are too injured to fight recklessly!
You are too injured to fight recklessly!
You are too injured to fight recklessly!
You are too injured to fight recklessly!
You are too injured to fight recklessly!
You are too injured to fight recklessly!
You are too injured to fight recklessly!
You are too injured to fight recklessly!
You are too injured to fight recklessly!
You are too injured to fight recklessly!
Unknown command.
You hit the troll.
You tentacle-slap the troll, but do no damage.
The troll is heavily wounded.
The troll bites you!
* * * LOW HITPOINT WARNING * * *
You block the troll's attack. x2
You hit the troll but do no damage.
The troll is heavily wounded.
The troll bites you!
* * * LOW HITPOINT WARNING * * *
The troll claws you!
You die...

.#..##
..........#.....#.....#.
.#.## .........+##+##+
+##'. .#.####
........#..# #).#.
##....#...
#.....#..#+###+#..#.
#.........
###....#..#.....#..#.
.......###
#......'..+.._..'.)+.
.......#
#......#..#.....#..#.
####...#
#......#..#+###'#..#.
### ...#
#..T@..#..#.....#..#.
... ...#
#......'##+##+##'##+
.........
###...##.....#.....#
.........
#...##.....#.....# .....
#....###+##+##'### #...#
.. ##..........##.## ...
... #..............# ...
...###...#..........#
...
..........###........#


You could see a troll.

Vanquished Creatures
  The ghost of Taurus the Chopper, an amateur MiFi of the Shining One (D:5)
  A steam dragon (D:6)
  2 orc warriors (D:6)
  2 ice beasts (D:6)
  An ogre (D:6)
  A bullfrog (D:5)
  2 scorpions (D:4)
  A howler monkey (D:6)
  2 hounds (D:6)
  3 orc priests
  A sleepcap (D:5)
  2 iguanas
  2 orc wizards
  6 adders
  A gnoll (D:1)
  A white imp (D:5)
  2 ufetubi
  3 worms
  18 orcs
  7 ball pythons
  8 bats
  4 endoplasms
  6 giant cockroaches
  10 goblins
  11 hobgoblins
  4 jackals (D:3)
  2 frilled lizards
  5 kobolds
  2 rats (D:2)
111 creatures vanquished.

Notes
Turn   | Place    | Note
-------+----------+-------------------------------------------
     0 | D:1      | Adrian566 the Octopode Brigand began the quest for the Orb.
     0 | D:1      | Reached XP level 1. HP: 14/14 MP: 1/1
    83 | D:1      | Reached skill level 6 in Stealth
    83 | D:1      | Reached XP level 2. HP: 19/19 MP: 2/2
   313 | D:1      | Reached XP level 3. HP: 24/24 MP: 3/3
   834 | D:2      | Reached skill level 7 in Stealth
  1197 | D:2      | Reached XP level 4. HP: 26/29 MP: 4/4
  1374 | D:2      | Identified a scroll of acquirement
  1374 | D:2      | Acquired the +3 warlock's mirror {omnireflect}
  1374 | D:2      | Found the +3 warlock's mirror {omnireflect}
  1658 | D:3      | Found a faded altar of an unknown god.
  1658 | D:3      | Noticed a hell beast
  1943 | D:3      | Reached skill level 8 in Stealth
  1943 | D:3      | Reached XP level 5. HP: 34/34 MP: 5/5
  2643 | D:4      | Reached XP level 6. HP: 13/39 MP: 6/6
  3072 | D:4      | Found an opulent altar of Gozag.
  3223 | D:4      | Reached skill level 9 in Stealth
  3398 | D:5      | Entered Level 5 of the Dungeon
  3756 | D:5      | Found a runed translucent door.
  3760 | D:5      | Noticed Taurus's ghost (amateur MiFi)
  3838 | D:5      | Reached XP level 7. HP: 45/45 MP: 7/7
  4209 | D:5      | Killed Taurus's ghost
  4210 | D:5      | Reached skill level 10 in Stealth
  4210 | D:5      | Reached skill level 1 in Shields
  4390 | D:6      | Reached XP level 8. HP: 52/52 MP: 8/8
  4406 | D:6      | Found a large runed translucent door.
  4406 | D:6      | Noticed a troll
  4407 | D:6      | Found a large runed translucent door.
  4407 | D:6      | Noticed a manticore
  4413 | D:6      | Found a large runed translucent door.
  4413 | D:6      | Found a large runed translucent door.
  4421 | D:6      | Reached skill level 5 in Short Blades
  4559 | D:6      | Noticed a troll
  4599 | D:6      | Found a staircase to the Ecumenical Temple.
  4738 | Temple   | Entered the Ecumenical Temple
  4826 | Temple   | Became a worshipper of Dithmenos the Shadowed
  4906 | D:6      | Reached skill level 11 in Stealth
  5196 | D:6      | Found a burning altar of Makhleb.
  5196 | D:6      | Found a broken altar of Ashenzari.
  5320 | D:6      | Found an ancient bone altar of Kikubaaqudgha.
  5381 | D:6      | Mangled by a troll

Illustrated notes

Levels and vault maps discovered:
D:1:      dpeg_arrival_rooms_a, layout_basic, hex_tiny
D:2:      layout_basic
D:3:      layout_loops_ring, dreamdust_ecumenical_altar_sealed_demon,
          minmay_randomly_rotated_circles
D:4:      layout_cave_pools, grunt_gozag_breadcrumbs, minmay_goblin_outpost
D:5:      layout_rooms, ebering_ghost_reflecting_pool
D:6:      layout_basic, mainiacjoe_overflow_24_doors,
          mainiacjoe_overflow_large_starburst, minmay_temple_entry_mini_moons,
          dreamdust_princess_corridor, minmay_hollow_rounded_squares
Temple:   compressed_dpeg_circular_temple

Skill      XL: |  1  2  3  4  5  6  7  8 |
---------------+-------------------------+-----
Stealth        | 6 7 8 9 10 11 | 11.8
Short Blades   | 3 4 5 |  5.9
Fighting       | 3 |  3.8
Dodging        | 2 |  2.8
Shields        | 1 2 |  2.0
Throwing       | |  2.1

Action                     |  1- 3 |  4- 6 |  7- 9 || total
---------------------------+-------+-------+-------++-------
  Melee: Dagger            |    29 |       |       ||    29
         Constrict         |    11 |    29 |    14 ||    54
         Tentacles         |     7 |    21 |    24 ||    52
         Rapier            |    22 |   106 |    83 ||   211
         Punch             |       |     2 |     4 ||     6
    Use: Scroll            |       |    10 |     4 ||    14
         Potion            |       |     4 |     3 ||     7
   Stab: Sleeping          |    13 |    13 |     9 ||    35
         Distracted        |       |     1 |     1 ||     2
 Armour: Skin              |     7 |     5 |     3 ||    15
  Dodge: Dodged            |    26 |    40 |    29 ||    95
  Block: Buckler           |       |    26 |    24 ||    50
         Reflection        |       |     3 |     2 ||     5
